Map: [ESL] Ghost River

Players

Erik

  • Race: Zerg Zerg
  • Spawn Location: 1:00

DisK - Winner!

  • Race: Protoss Protoss
  • Spawn Location: 11:00

Event: ESL SC2 Masters 2024 Spring (Regional)

VOD

Have the link to the VOD?

Description

Time

  • Played on: April 21, 2024, 1:46 p.m.
  • Length: 11:07

All games in this series

Show
View Real Time Build Order
Export as new Build Order

Erik Zerg 

Build Orders: Hatch First, Roach Hydra 

Get SALT Encoding   

  12  0:00  Drone  
  13  0:07  Drone  
  14  0:32  Hatchery  
  13  0:36  Drone  
  14  0:44  Overlord  
  14  0:59  Spawning Pool  
  14  1:03  Drone  
  14  1:07  Drone  
  14  1:11  Drone  
  16  1:15  Drone  
  17  1:25  Drone  
  18  1:35  Drone  
  19  1:42  Extractor  
  19  1:45  Queen x2  
  22  1:48  Zergling x2  
  22  1:51  Zergling x2  
  24  1:57  Drone  
  24  1:58  Drone  
  26  2:07  Drone  
  27  2:09  Drone  
  28  2:20  Roach Warren  
  27  2:24  Drone  
  27  2:29  Overlord  
  28  2:30  Overlord  
  27  3:00  Roach x5  
  27  3:02  Zergling x10  
  42  3:07  Zergling x2  
  43  3:14  Spore Crawler  
  41  3:22  Overlord  
  41  3:30  Zergling x6  
  44  3:36  Overlord  
  44  3:42  Ravager, Extractor  
  44  3:44  Zergling x2  
  44  3:45  Zergling x2  
  45  3:53  Zergling x2  
  45  3:54  Zergling x2  
  46  3:56  Ravager  
  47  4:06  Zergling x4  
  47  4:12  Zergling x4  
  46  4:24  Drone x2  
  44  4:30  Drone  
  37  4:33  Drone  
  37  4:35  Queen x2  
  40  4:39  Drone  
  38  4:45  Drone  
  38  4:51  Drone  
  39  4:52  Spore Crawler  
  39  4:59  Drone  
  38  5:03  Drone  
  38  5:04  Drone  
  40  5:12  Drone  
  40  5:14  Queen  
  39  5:19  Hatchery  
  38  5:22  Queen  
  38  5:24  Drone x2  
  38  5:25  Drone  
  42  5:33  Drone  
  43  5:37  Drone  
  43  5:39  Extractor  
  43  5:41  Extractor x2  
  40  5:45  Drone  
  40  5:46  Drone x5  
  47  5:50  Drone  
  47  5:54  Lair  
  47  6:02  Drone  
  47  6:03  Drone  
  44  6:08  Drone  
  44  6:11  Drone  
  45  6:16  Drone x6  
  51  6:18  Metabolic Boost  
  51  6:21  Evolution Chamber  
  51  6:23  Drone  
  51  6:28  Overlord  
  51  6:38  Drone x3  
  54  6:47  Zergling x10  
  54  6:54  Glial Reconstitution  
  54  6:55  Roach  
  54  6:56  Roach x2  
  59  7:03  Drone x2  
  59  7:14  Drone x4  
  59  7:15  Drone  
  62  7:18  Drone  
  63  7:25  Spore Crawler  
  62  7:32  Drone x5  
  62  7:33  Hydralisk Den  
  62  7:35  Overseer  
  66  7:40  Extractor  
  63  7:49  Roach  
  63  7:50  Roach x4  
  74  7:58  Overlord, Spore Crawler  
  71  8:00  Zerg Missile Weapons Level 1  
  71  8:03  Drone x3  
  71  8:04  Grooved Spines  
  74  8:08  Overlord  
  74  8:11  Overlord  
  74  8:13  Overlord  
  72  8:29  Hydralisk  
  72  8:30  Hydralisk x4  
  79  8:39  Hydralisk x3  
  85  8:47  Hydralisk x3  
  91  8:55  Roach x3  
  97  9:02  Muscular Augments  
  97  9:04  Drone  
  97  9:05  Overlord  
  97  9:06  Overlord x2  
  97  9:09  Overlord  
  98  9:15  Overlord  
  98  9:16  Overlord  
  98  9:25  Zergling x2  
  98  9:26  Zergling x12  
  98  9:27  Ravager x2  
  107  9:31  Zergling x2  
  107  9:32  Zergling x2  
  107  9:38  Drone x4  
  113  9:42  Infestation Pit  
  113  9:44  Drone x2  
  114  9:51  Extractor x2  
  114  9:52  Drone x5  
  117  10:05  Drone  
  117  10:06  Drone x5  
  118  10:28  Lurker Den  
  118  10:30  Zergling x2  
  118  10:31  Zergling x8  
  122  10:36  Hatchery  
  122  10:40  Drone x4  
  125  10:43  Overlord  
  125  10:46  Zergling x2  
  125  10:47  Zergling x8  
Show
View Real Time Build Order
Export as new Build Order

DisK Protoss - Winner!

Build Orders: 1 Gate Expand, Oracle Opening 

Get SALT Encoding   

  12  0:00  Probe  
  13  0:12  Probe  
  14  0:18  Pylon  
  14  0:24  Probe  
  15  0:37  Probe (Chrono Boost), Gateway  
  16  0:46  Probe (Chrono Boost)  
  16  0:47  Assimilator  
  17  0:51  Probe (Chrono Boost)  
  18  1:03  Probe  
  19  1:15  Probe  
  20  1:24  Nexus  
  20  1:33  Cybernetics Core  
  20  1:36  Probe  
  21  1:43  Assimilator  
  21  1:48  Probe  
  21  1:52  Pylon  
  22  2:00  Probe (Chrono Boost)  
  23  2:07  Adept (Chrono Boost)  
  23  2:12  Probe (Chrono Boost)  
  26  2:18  Probe (Chrono Boost)  
  26  2:20  Stargate  
  27  2:29  Stalker (Chrono Boost)  
  29  2:37  Probe x2  
  31  2:49  Probe  
  31  2:50  Probe  
  33  3:00  Adept  
  33  3:01  Probe  
  33  3:02  Probe  
  37  3:07  Oracle (Chrono Boost)  
  40  3:13  Probe  
  40  3:14  Probe  
  42  3:20  Gateway  
  42  3:21  Pylon  
  42  3:25  Probe  
  42  3:26  Shield Battery  
  43  3:29  Shield Battery  
  43  3:36  Gateway  
  43  3:41  Oracle (Chrono Boost)  
  46  3:49  Shield Battery  
  46  3:55  Cybernetics Core  
  46  3:56  Shield Battery  
  46  3:59  Shield Battery  
  46  4:07  Pylon  
  46  4:19  Pylon  
  41  4:27  Probe x2  
  37  4:32  Oracle (Chrono Boost)  
  38  4:39  Probe x2  
  40  4:47  Pylon  
  40  4:48  Pylon  
  40  4:51  Probe  
  41  4:54  Probe  
  42  5:06  Oracle  
  42  5:08  Probe x2  
  47  5:16  Pylon  
  47  5:20  Probe x2 (Chrono Boost)  
  48  5:32  Probe x2 (Chrono Boost)  
  48  5:35  Warp Gate  
  50  5:37  Probe x2 (Chrono Boost)  
  52  5:44  Pylon  
  52  5:48  Adept x3  
  58  5:50  Probe  
  58  5:51  Probe  
  58  5:53  Assimilator  
  58  5:56  Assimilator  
  60  6:07  Probe  
  60  6:08  Probe  
  59  6:12  Nexus  
  59  6:16  Pylon  
  59  6:20  Probe  
  59  6:21  Probe  
  59  6:25  Robotics Facility  
  61  6:33  Probe x2  
  63  6:43  Twilight Council  
  63  6:45  Probe x2  
  65  6:57  Probe x2  
  65  7:09  Probe x2  
  65  7:10  Immortal (Chrono Boost)  
  69  7:16  Shield Battery  
  69  7:17  Forge  
  69  7:21  Probe x2  
  71  7:23  Sentry x3, Gateway  
  71  7:25  Probe  
  78  7:32  Protoss Ground Weapons Level 1  
  78  7:33  Probe x2  
  78  7:34  Shield Battery  
  78  7:35  Shield Battery  
  80  7:38  Pylon  
  80  7:43  Probe  
  81  7:45  Probe  
  81  7:47  Stalker x3  
  81  7:50  Blink (Chrono Boost)  
  86  7:51  Probe  
  86  7:57  Probe x2  
  89  8:05  Probe  
  90  8:08  Observer  
  90  8:09  Assimilator, Probe  
  90  8:10  Assimilator  
  92  8:15  Phoenix  
  92  8:18  Pylon  
  94  8:20  Probe  
  94  8:21  Shield Battery, Probe  
  94  8:23  Stalker x2  
  100  8:38  Pylon x3, Stalker x2  
  100  8:39  Pylon  
  104  8:45  Pylon  
  104  8:55  Robotics Facility  
  104  8:59  Robotics Bay  
  104  9:00  Stalker x2  
  108  9:07  Stalker x2  
  112  9:10  Immortal (Chrono Boost)  
  116  9:25  Gateway  
  116  9:26  Sentry x2  
  116  9:28  Gateway  
  120  9:31  Stalker, Shield Battery  
  120  9:33  Stalker, Shield Battery  
  124  9:45  Colossus x2 (Chrono Boost)  
  136  9:53  Pylon  
  136  9:59  Stalker  
  138  10:20  Stalker x4  
  154  10:44  Stalker  
Tags
 
Add a new tag
Caveats
  • Supply blocks, unpowered buildings, or Contaminate may cause inaccurate times.
  • Supply counts are checked every 10 seconds.